[Event "Titled Tuesday Blitz February 22 Early 2022"]
[White "Bluebaum, Matthias"]
[Black "Fecker, Noah"]
[WhiteFideId "24651516"]
[BlackFideId "1334263"]
[WhiteElo "2836"]
[BlackElo "2569"]
[Result "0-1"]
[Round "04"]
[TimeControl "180+1"]
[Date "2022.02.22"]
[WhiteClock "0:00:37"]
[BlackClock "0:00:39"]

1. b3 e5 2. Bb2 Nc6 3. e3 Nf6 4. Nf3 e4 5. Nd4 d5 6. c4 Nxd4 7. Bxd4 c5 8. Bxf6 Qxf6 9. Nc3 dxc4 10. Bxc4 Bd7 11. Nxe4 Qg6 12. Nc3 Bc6 13. Rg1 Bd6 14. g3 O-O 15. Bd5 Be5 16. Qf3 Bxd5 17. Qxd5 Bxc3 18. dxc3 Rad8 19. Qc4 Qc2 20. Kf1 Rd2 21. Qf4 Rfd8 22. c4 h6 23. Kg2 R8d6 24. Rgc1 Qd3 25. Rf1 Rf6 26. Qb8+ Kh7 27. g4 Qxe3 28. Qg3 Qe4+ 29. Kg1 Rf3 30. Qg2 Qd3 31. Rae1 Rxa2 32. Re5 b6 33. g5 h5 34. Kh1 Qxb3 35. g6+ fxg6 36. Rg1 Rf6 37. Rxh5+ Kg8 38. Qd5+ Rf7 39. Qd8+ Rf8 40. Qd5+ Rf7 41. Qd8+ Rf8 42. Rh8+ Kxh8 43. Qxf8+ Kh7 44. Qf4 Qd3 45. Re1 Qf5 46. Qh4+ Qh5 47. Qg3 Rd2 48. Re4 Rd4 49. Re5 Qd1+ 50. Kg2 Rg4 51. Re3 Rxg3+ 52. hxg3 Qd4 53. g4 Qxc4 54. Rg3 g5 55. Rh3+ Kg6 56. Re3 Qd5+ 57. Kf1 c4 58. f3 Qd1+ 59. Kf2 Qd2+ 60. Re2 Qxe2+ 61. Kxe2 b5 62. Kd2 Kf6 63. Kc3 Ke5 64. Kb4 Kf4 65. Kc5 Kxf3 66. Kd6 Kxg4 67. Ke7 Kf3 68. Kf7 g4 69. Kg8 g3 70. Kh7 g2 71. Kg6 g1=Q+ 72. Kf7 Qe3 73. Kg8 c3 74. Kh7 b4 75. Kg8 b3 76. Kf7 c2 77. Kg8 b2 78. Kh7 a5 79. Kh8 a4 80. Kh7 a3 81. Kg8 a2 82. Kf7 g5 83. Kg8 g4 84. Kh7 g3 85. Kh8 Kf2 86. Kg7 Qf3 87. Kg8 g2 88. Kh7 a1=Q 89. Kh8 b1=Q+ 90. Kh7 Qg3 91. Kh6 c1=Q+ 92. Kh5 Qd1+ 93. Kh6 Qbc1+ 0-1


[Site "https://www.chess.com"]

[Event "Titled Tuesday Blitz February 22 Early 2022"]
[White "Boros, Denes"]
[Black "Brankovic, Dejan"]
[WhiteFideId "722340"]
[BlackFideId "921602"]
[WhiteElo "2464"]
[BlackElo "2209"]
[Result "1-0"]
[Round "04"]
[TimeControl "180+1"]
[Date "2022.02.22"]
[WhiteClock "0:00:53"]
[BlackClock "0:00:18"]

1. d4 Nf6 2. Nc3 d5 3. Bf4 Bf5 4. Nf3 e6 5. e3 Bd6 6. Ne5 h6 7. g4 Bh7 8. h4 Nfd7 9. g5 Bf5 10. gxh6 gxh6 11. Bd3 Bxd3 12. cxd3 Nxe5 13. dxe5 Bf8 14. Qb3 b6 15. d4 Qd7 16. e4 c6 17. O-O-O Na6 18. Qa4 Nc7 19. Kb1 a5 20. Rc1 b5 21. Qc2 O-O-O 22. Be3 Kb7 23. h5 Bb4 24. exd5 Nxd5 25. Ne4 Nxe3 26. fxe3 Be7 27. Rhf1 Rhf8 28. a4 Rc8 29. Nc5+ Bxc5 30. Qxc5 Rg8 31. Rc2 Rc7 32. Rcf2 Rg7 33. Rf6 Qd5 34. Qxd5 cxd5 35. axb5 Rh7 36. Rg1 Kb6 37. Rg8 Kxb5 38. Rf2 Kb6 39. Rc2 Rxc2 40. Kxc2 Kb5 41. Kc3 Kc6 42. Kb3 Kd7 43. Ka4 Ke7 44. Kxa5 f6 45. Ra8 Rf7 46. Ra7+ Kf8 47. Rxf7+ Kxf7 48. b4 fxe5 49. dxe5 1-0


[Site "https://www.chess.com"]

[Event "Titled Tuesday Blitz February 22 Early 2022"]
[White "Brunner, Nicolas"]
[Black "Priasmoro, Novendra"]
[WhiteFideId "620246"]
[BlackFideId "7105029"]
[WhiteElo "2526"]
[BlackElo "2753"]
[Result "0-1"]
[Round "04"]
[TimeControl "180+1"]
[Date "2022.02.22"]
[WhiteClock "0:00:03"]
[BlackClock "0:01:11"]

1. d4 Nf6 2. c4 g6 3. Nf3 Bg7 4. Nc3 d6 5. e4 O-O 6. Be2 Na6 7. O-O e5 8. Re1 exd4 9. Nxd4 Re8 10. Bf1 Ng4 11. h3 Qf6 12. Nf3 Ne5 13. Nxe5 Qxe5 14. f4 Qd4+ 15. Qxd4 Bxd4+ 16. Kh1 Nb4 17. Nb5 Bb6 18. Na3 f5 19. Bd2 a5 20. e5 dxe5 21. fxe5 Be6 22. Bc3 Rad8 23. Bxb4 axb4 24. Nc2 Bc5 25. Rad1 Rxd1 26. Rxd1 Ra8 27. a3 bxa3 28. bxa3 Kf7 29. Rd3 Ke7 30. Rb3 b6 31. Nb4 Bxb4 32. Rxb4 Rxa3 33. Kh2 Re3 34. c5 bxc5 35. Rb7 Kd7 36. Bb5+ Kc8 37. Ra7 Bd5 38. Ra5 Rxe5 39. Ba6+ Kd7 40. Rxc5 c6 41. Kg3 Kd6 42. Rc3 g5 43. h4 h6 44. hxg5 hxg5 45. Kf2 f4 46. Rh3 g4 47. Rh4 g3+ 48. Kf1 f3 49. gxf3 Bxf3 50. Bd3 Ra5 51. Rh6+ Kc7 52. Ke1 Ra1+ 53. Kd2 g2 54. Rg6 g1=Q 0-1


[Site "https://www.chess.com"]

[Event "Titled Tuesday Blitz February 22 Early 2022"]
[White "Budrewicz, Krzysztof"]
[Black "Indjic, Aleksandar"]
[WhiteFideId "1127950"]
[BlackFideId "911925"]
[WhiteElo "2248"]
[BlackElo "2616"]
[Result "0-1"]
[Round "04"]
[TimeControl "180+1"]
[Date "2022.02.22"]
[WhiteClock "0:00:31"]
[BlackClock "0:00:16"]

1. d4 Nf6 2. c4 c5 3. d5 g6 4. Nc3 Bg7 5. e4 O-O 6. Nf3 d6 7. h3 e6 8. Bd3 exd5 9. cxd5 Re8 10. O-O Nbd7 11. Bf4 c4 12. Bc2 Nc5 13. Re1 b5 14. e5 dxe5 15. Nxe5 Bb7 16. Nc6 Qb6 17. Ne7+ Rxe7 18. Rxe7 b4 19. Bc7 Qa6 20. Ne4 Nfxe4 21. Bxe4 Bxb2 22. Rb1 Bf6 23. d6 Bxe4 24. Rxe4 Nxe4 25. Qd5 Re8 26. d7 Re6 27. d8=Q+ Bxd8 28. Qxd8+ Kg7 29. Qd4+ f6 30. Qd7+ Kh6 31. Qxe6 Qxe6 32. Bf4+ g5 33. Be3 b3 34. axb3 cxb3 0-1


[Site "https://www.chess.com"]

[Event "Titled Tuesday Blitz February 22 Early 2022"]
[White "Buscar, Michael"]
[Black "Potapova, Margarita"]
[WhiteFideId "2603616"]
[BlackFideId "14126869"]
[WhiteElo "2010"]
[BlackElo "2209"]
[Result "1-0"]
[Round "04"]
[TimeControl "180+1"]
[Date "2022.02.22"]
[WhiteClock "0:00:17"]
[BlackClock "0:00:08"]

1. c4 Nf6 2. g3 g6 3. Bg2 Bg7 4. e3 O-O 5. Ne2 c6 6. O-O d5 7. cxd5 cxd5 8. d4 Nc6 9. Nbc3 Bf5 10. a3 Rc8 11. Bd2 a6 12. f3 e5 13. Be1 Re8 14. Bf2 exd4 15. exd4 Na5 16. Rc1 Nc4 17. Qb3 Nd2 18. Qxb7 Nxf1 19. Bxf1 Bh6 20. Re1 Qd6 21. Na4 Rb8 22. Qa7 Rec8 23. Nec3 Ra8 24. Qb6 Rd8 25. g4 Be6 26. Qxd6 Rxd6 27. Bg3 Rdd8 28. Nc5 a5 29. Nxe6 fxe6 30. Rxe6 Kf7 31. Rb6 Be3+ 32. Bf2 Bf4 33. Na4 Rdb8 34. Rc6 Rc8 35. Rb6 Nd7 36. Rb7 Rc7 37. Rb5 Nf6 38. Nc5 Ne8 39. Nd3 Bd2 40. Ne5+ Kg7 41. Bg3 Be3+ 42. Bf2 Bc1 43. b4 a4 44. Rxd5 Bxa3 45. b5 Bc1 46. Rc5 Rxc5 47. dxc5 a3 48. Bc4 Ra4 49. Ba2 Rb4 50. c6 Nc7 51. Nd3 Rxb5 52. Nxc1 Kf8 53. Bd4 Ke8 54. Be3 Re5 55. Kf2 Rb5 56. Bc4 Rb2+ 57. Kg3 Rc2 58. Bb3 Rc3 59. Kf2 Rxc6 60. Ba2 Rc2+ 61. Kg3 Ke7 62. Bb3 Rc3 63. Bd4 Rd3 64. Bc5+ Rd6 65. Bxa3 Kd7 66. Bxd6 Kxd6 67. Ne2 Ke7 68. Nf4 Ne8 69. Nd5+ Kf8 70. Bc2 Nd6 71. h4 Nc4 72. Bd3 Nb2 73. Be4 Na4 74. Nf4 Kg7 75. h5 Nc5 76. hxg6 hxg6 77. Bxg6 Nb3 78. Bc2 Nd4 79. Bd3 Nc6 80. Ne6+ Kf6 81. Nc5 Ne5 82. Be4 Nf7 83. Nd3 Kg7 84. Kf4 Nd6 85. Ne5 Nb5 86. g5 Nc7 87. Ng4 Ne6+ 88. Kf5 Nd4+ 89. Ke5 Nb5 90. f4 Nc7 91. f5 Ne8 92. f6+ Kf8 93. g6 Nc7 94. Kf5 Nb5 95. g7+ Kg8 96. Bd5+ Kh7 97. g8=Q# 1-0


[Site "https://www.chess.com"]

[Event "Titled Tuesday Blitz February 22 Early 2022"]
[White "Butti, Enrique"]
[Black "Richter, Nils"]
[WhiteFideId "3700470"]
[BlackFideId "12990809"]
[WhiteElo "2080"]
[BlackElo "2289"]
[Result "0-1"]
[Round "04"]
[TimeControl "180+1"]
[Date "2022.02.22"]
[WhiteClock "0:01:23"]
[BlackClock "0:02:01"]

1. d4 b6 2. Nf3 Bb7 3. e3 e6 4. Bd3 f5 5. O-O Nf6 6. c4 Be7 7. b3 O-O 8. Bb2 d6 9. d5 exd5 10. Bxf5 dxc4 11. Be6+ Kh8 12. Bxc4 d5 13. Be2 Nbd7 14. Nc3 a6 15. Rc1 Bd6 16. a3 Qe7 17. b4 Rae8 18. Qb3 Ne5 19. Rfd1 Neg4 20. h3 Nxf2 0-1


[Site "https://www.chess.com"]

[Event "Titled Tuesday Blitz February 22 Early 2022"]
[White "Carlsson, Ludvig"]
[Black "Krsnik Cohar, Ivan Vihor"]
[WhiteFideId "1727010"]
[BlackFideId "14520044"]
[WhiteElo "2517"]
[BlackElo "2717"]
[Result "1-0"]
[Round "04"]
[TimeControl "180+1"]
[Date "2022.02.22"]
[WhiteClock "0:00:52"]
[BlackClock "0:00:42"]

1. Nf3 d5 2. d4 Bf5 3. c4 e6 4. Nc3 Nc6 5. Bg5 Be7 6. Bxe7 Ncxe7 7. e3 c6 8. Bd3 Nf6 9. O-O O-O 10. Rc1 h6 11. h3 Re8 12. Bxf5 exf5 13. Ne5 Nd7 14. cxd5 Nxe5 15. dxe5 cxd5 16. f4 Rc8 17. Qd2 Qb6 18. Ne2 Nc6 19. Nd4 g6 20. Rc3 Na5 21. Rfc1 Rxc3 22. Qxc3 Nc6 23. b3 Nb4 24. Qd2 a5 25. a3 Na6 26. Qc3 Re7 27. Kh2 Rc7 28. Qd2 Rxc1 29. Qxc1 Qc5 30. Qb2 Nc7 31. a4 Ne6 32. Nxe6 fxe6 33. Qd4 b6 34. Qd3 h5 35. Kg3 Kg7 36. Kf3 Qc1 37. Qb5 Qd1+ 38. Kf2 Qd2+ 39. Kf3 Qd1+ 40. Kf2 Qc2+ 41. Kg3 Qc7 42. Qe8 Qf7 43. Qxf7+ Kxf7 44. Kh4 Kf8 45. Kg5 Kg7 46. g3 Kf7 47. Kh6 1-0


[Site "https://www.chess.com"]

[Event "Titled Tuesday Blitz February 22 Early 2022"]
[White "Chernomordik, Pavel"]
[Black "Yushko, Olga"]
[WhiteFideId "2804530"]
[BlackFideId "14114500"]
[WhiteElo "2249"]
[BlackElo "2028"]
[Result "1-0"]
[Round "04"]
[TimeControl "180+1"]
[Date "2022.02.22"]
[WhiteClock "0:01:35"]
[BlackClock "0:01:16"]

1. e4 d6 2. d4 e5 3. Nf3 Nf6 4. Nc3 Nbd7 5. Bc4 Be7 6. Bxf7+ Kxf7 7. Ng5+ Kg8 8. Ne6 Qe8 9. Nxc7 Qd8 10. Nxa8 b6 11. dxe5 Nxe5 12. Nd5 Bb7 13. Nac7 Nxe4 14. O-O Qd7 15. Re1 Nf6 16. Rxe5 Nxd5 17. Nxd5 Bh4 18. Re4 Bxf2+ 19. Kxf2 Qf5+ 20. Qf3 1-0


[Site "https://www.chess.com"]

[Event "Titled Tuesday Blitz February 22 Early 2022"]
[White "Chojnacki, Slawomir"]
[Black "Komiagina, Maria"]
[WhiteFideId "1117076"]
[BlackFideId "4153987"]
[WhiteElo "2084"]
[BlackElo "1945"]
[Result "1-0"]
[Round "04"]
[TimeControl "180+1"]
[Date "2022.02.22"]
[WhiteClock "0:00:35"]
[BlackClock "0:00:01"]

1. d4 Nf6 2. Nf3 g6 3. c3 Bg7 4. Bg5 d6 5. Nbd2 Nbd7 6. e4 e5 7. dxe5 dxe5 8. Bc4 O-O 9. O-O h6 10. Bh4 Qe7 11. Qe2 c6 12. a3 Nb6 13. Ba2 Bg4 14. h3 Be6 15. Bxe6 Qxe6 16. Bxf6 Bxf6 17. Rfd1 Bg7 18. a4 Rad8 19. a5 Nd7 20. Qc4 Qxc4 21. Nxc4 Nc5 22. Ncxe5 Nxe4 23. a6 Rxd1+ 24. Rxd1 bxa6 25. Nxc6 Nc5 26. Rd2 Ra8 27. Nfe5 a5 28. Nd7 Ne4 29. Re2 Nd6 30. Nxa5 Rd8 31. Nc5 Rc8 32. Na4 Kf8 33. Kf1 Nf5 34. Rd2 Rb8 35. b4 Ne7 36. Rd7 Rc8 37. Rxa7 Nd5 38. Nb7 Bxc3 39. Nd6 Rb8 40. Rxf7+ Kg8 41. Nxc3 Nxc3 42. Rf4 Nd5 43. Rd4 Nxb4 44. Ne4 Nc6 45. Rd6 Ne5 46. Re6 Rb5 47. g4 Kf7 48. Rf6+ Kg7 49. Ra6 Nd3 50. Kg2 Nf4+ 51. Kg3 g5 52. Ra7+ Kg6 53. Ra6+ Kg7 54. Ra2 Rb3+ 55. f3 Re3 56. Nd6 Rd3 57. Nf5+ 1-0


[Site "https://www.chess.com"]

[Event "Titled Tuesday Blitz February 22 Early 2022"]
[White "Coelho, Ramyres Santana"]
[Black "Lucas, Arthur"]
[WhiteFideId "2120690"]
[BlackFideId "26093073"]
[WhiteElo "1888"]
[BlackElo "2129"]
[Result "1-0"]
[Round "04"]
[TimeControl "180+1"]
[Date "2022.02.22"]
[WhiteClock "0:00:27"]
[BlackClock "0:00:06"]

1. e4 d5 2. exd5 Qxd5 3. Nc3 Qa5 4. Nf3 Nf6 5. Bc4 Nc6 6. O-O Bg4 7. h3 h5 8. Be2 O-O-O 9. d3 e6 10. Bd2 Qf5 11. Nh2 Bxe2 12. Qxe2 Nd4 13. Qd1 Bd6 14. Nf3 Nxf3+ 15. Qxf3 Qxf3 16. gxf3 h4 17. Ne4 Nd5 18. Ng5 Rdf8 19. c4 Ne7 20. b4 Rh5 21. Ne4 Be5 22. Rab1 b6 23. c5 f5 24. Ng5 Bc3 25. Nxe6 Rf6 26. Bxc3 Rxe6 27. d4 Nd5 28. Bd2 Re2 29. Rbd1 f4 30. cxb6 axb6 31. Rfe1 Rxe1+ 32. Rxe1 Kd7 33. Re4 Rf5 34. a4 g5 35. Re5 Rxe5 36. dxe5 c6 37. a5 b5 38. Kf1 Ke6 39. Ke2 Kxe5 40. a6 Nc7 41. Bc3+ Kd5 42. a7 Ke6 43. Kd3 Na8 44. Kd4 Kd6 45. Ke4 Ke6 46. Be5 Nb6 47. Bc7 Na8 48. Bd8 c5 49. bxc5 b4 50. c6 Kd6 51. c7 b3 52. Kd3 Nb6 53. c8=Q Nxc8 54. a8=Q b2 55. Kc2 Kd7 56. Qd5+ Nd6 57. Kxb2 1-0


[Site "https://www.chess.com"]

[Event "Titled Tuesday Blitz February 22 Early 2022"]
[White "Csonka, Balazs"]
[Black "Suarez Uriel, Adrian"]
[WhiteFideId "742910"]
[BlackFideId "22230874"]
[WhiteElo "2404"]
[BlackElo "2316"]
[Result "1/2-1/2"]
[Round "04"]
[TimeControl "180+1"]
[Date "2022.02.22"]
[WhiteClock "0:00:02"]
[BlackClock "0:00:36"]

1. e4 c5 2. Nf3 Nc6 3. d4 cxd4 4. Nxd4 g6 5. Nc3 Bg7 6. Be3 Nf6 7. Bc4 O-O 8. Bb3 Re8 9. O-O d6 10. f3 Na5 11. Qd2 b6 12. Rfd1 Bb7 13. Ba4 Rf8 14. Qf2 Nc4 15. Bc1 Qc8 16. Bb3 a6 17. a4 Qc7 18. Nde2 Nd7 19. Bg5 Rfe8 20. Rab1 Rac8 21. Kh1 h6 22. Bc1 Nde5 23. h3 Kh7 24. Kg1 Qc5 25. Qxc5 Rxc5 26. Nf4 Rec8 27. Nfd5 e6 28. Nxb6 Nxb6 29. Rxd6 Nbc4 30. Rd1 h5 31. Ba2 Na3 32. bxa3 Rxc3 33. Rxb7 Rxc2 34. Bb2 Nxf3+ 35. gxf3 Rxb2 36. Rxb2 Bxb2 37. Rd7 Kg8 38. Kg2 Bxa3 39. Bb3 Rc3 40. Bd1 a5 41. Kf1 Kg7 42. Ke2 g5 43. Rd3 Bb4 44. Rxc3 Bxc3 45. Kf1 Kf6 46. Kg2 Ke5 47. Be2 Kf4 48. Bd1 Ke3 49. Bb3 Bb4 50. Bc4 Bd6 51. Bb5 f5 52. exf5 exf5 53. Bd7 f4 54. Be8 g4 55. Bxh5 g3 56. Bg4 Be7 57. Be6 Kd4 58. Bd7 Kc5 59. Bb5 Kb4 60. Bd7 Kc3 1/2-1/2


[Site "https://www.chess.com"]

[Event "Titled Tuesday Blitz February 22 Early 2022"]
[White "Dauner, Benedikt"]
[Black "Cherniaiev, Tykhon"]
[WhiteFideId "16225899"]
[BlackFideId "14182360"]
[WhiteElo "2230"]
[BlackElo "2289"]
[Result "0-1"]
[Round "04"]
[TimeControl "180+1"]
[Date "2022.02.22"]
[WhiteClock "0:00:13"]
[BlackClock "0:01:26"]

1. d4 Nf6 2. c4 e6 3. Nf3 d5 4. cxd5 exd5 5. Nc3 Bb4 6. Bg5 O-O 7. e3 c5 8. Bd3 cxd4 9. Nxd4 Nc6 10. O-O Nxd4 11. exd4 Be6 12. Qb3 Be7 13. Rfe1 h6 14. Bf4 Bd6 15. Be5 Bxe5 16. dxe5 Nd7 17. Qb4 Qc7 18. Nb5 Qb6 19. Qd6 Nc5 20. Qxb6 axb6 21. Bf1 d4 22. Nxd4 Bxa2 23. Nb5 Be6 24. Nd6 Rxa1 25. Rxa1 Rd8 26. b4 Nd7 27. Nxb7 Rb8 28. Nd6 Nxe5 29. Ra7 Nc6 30. Rc7 Nxb4 31. h3 Nd5 32. Ra7 Nc3 33. Ra3 Nd5 34. Ra7 Rd8 35. Nb7 Rd7 36. Ra8+ Kh7 37. Nd8 Bf5 38. Rb8 Nc3 39. Bc4 Bg6 40. Kh2 Ne4 41. f3 Nd6 42. Ba2 Nf5 43. Bb3 Nd4 44. Ba4 b5 45. Bd1 b4 46. Nb7 Nc6 47. Rc8 Ne7 48. Rb8 Rxd1 49. Nd6 Rxd6 50. Rxb4 Nc6 51. Rb6 h5 52. g4 hxg4 53. hxg4 f6 54. Kg3 Re6 55. Ra6 Nd4 56. Ra1 Ne2+ 57. Kf2 Nf4 58. Rh1+ Kg8 59. Ra1 Bf7 60. Ra8+ Kh7 61. Ra7 Be8 62. Kg3 Ne2+ 63. Kf2 Nd4 64. Rc7 Re2+ 65. Kg3 Re3 66. Rc4 Rxf3+ 67. Kg2 Rf4 68. Kg3 Ne2+ 69. Kg2 Rxc4 70. g5 fxg5 71. Kf2 Rf4+ 72. Ke3 Kh6 73. Kxe2 Kh5 74. Ke3 Rf6 75. Ke4 g4 76. Ke5 g3 0-1


[Site "https://www.chess.com"]

[Event "Titled Tuesday Blitz February 22 Early 2022"]
[White "Dejmek, Mark"]
[Black "Ferreira, Vitor Hugo Vieira"]
[WhiteFideId "2017628"]
[BlackFideId "2119765"]
[WhiteElo "2212"]
[BlackElo "2216"]
[Result "0-1"]
[Round "04"]
[TimeControl "180+1"]
[Date "2022.02.22"]
[WhiteClock "0:00:03"]
[BlackClock "0:01:18"]

1. Nf3 Nf6 2. g3 d5 3. c4 c6 4. Qc2 e6 5. Bg2 Be7 6. O-O O-O 7. b3 b6 8. Bb2 Bb7 9. d3 Nbd7 10. Nbd2 Rc8 11. Rac1 c5 12. e3 Qc7 13. Qb1 Qb8 14. cxd5 Nxd5 15. a3 Rfd8 16. d4 Qa8 17. Rfe1 cxd4 18. exd4 a6 19. Nc4 N5f6 20. Nh4 b5 21. Ne5 Bxg2 22. Nxg2 Qd5 23. b4 h6 24. Nf4 Qd6 25. Nfd3 Nb6 26. Nc5 Na4 27. Nxa4 bxa4 28. Qd3 Nd5 29. Qf3 Bf6 30. Nd3 Nb6 31. Nc5 Bxd4 32. Bxd4 Qxd4 33. Red1 Qf6 34. Qxf6 gxf6 35. Nxa6 Rxd1+ 36. Rxd1 Rc3 37. Nc5 Rxa3 38. Rd6 Nd5 39. Ra6 Ra1+ 40. Kg2 a3 41. Nb3 Nxb4 0-1


[Site "https://www.chess.com"]

[Event "Titled Tuesday Blitz February 22 Early 2022"]
[White "Demin, Vladimir"]
[Black "Kravtsiv, Martyn"]
[WhiteFideId "4167457"]
[BlackFideId "14113147"]
[WhiteElo "2572"]
[BlackElo "2694"]
[Result "1-0"]
[Round "04"]
[TimeControl "180+1"]
[Date "2022.02.22"]
[WhiteClock "0:00:04"]
[BlackClock "0:00:22"]

1. d4 e6 2. e4 d5 3. Bd3 dxe4 4. Bxe4 Nf6 5. Bf3 c5 6. Ne2 Be7 7. Be3 Qa5+ 8. Nbc3 O-O 9. O-O Rd8 10. Qc1 cxd4 11. Nxd4 e5 12. Nb3 Qa6 13. Rd1 Nc6 14. Be2 b5 15. a4 Qb7 16. axb5 Rxd1+ 17. Qxd1 Nb4 18. Na5 Qc7 19. Bf3 Rb8 20. Nc6 Nxc6 21. Bxc6 a6 22. h3 h6 23. Qf3 axb5 24. Ra7 Qd8 25. Bxb5 Be6 26. Qc6 Bb4 27. Na4 Bd5 28. Qa6 Be4 29. Bc4 Bg6 30. c3 Bf8 31. Nc5 Rxb2 32. Ra8 Rb8 33. Rxb8 Qxb8 34. Qc6 Qb2 35. Nd7 Nxd7 36. Qxg6 Qxc3 37. Qxf7+ Kh7 38. Qg8+ Kg6 39. Qf7+ Kh7 40. Qg8+ Kg6 41. Bf7+ Kf6 42. Be8 1-0


[Site "https://www.chess.com"]

[Event "Titled Tuesday Blitz February 22 Early 2022"]
[White "Djokic, Mihailo"]
[Black "Topalov, Aleksandar"]
[WhiteFideId "976440"]
[BlackFideId "925659"]
[WhiteElo "2008"]
[BlackElo "2098"]
[Result "1-0"]
[Round "04"]
[TimeControl "180+1"]
[Date "2022.02.22"]
[WhiteClock "0:01:18"]
[BlackClock "0:01:06"]

1. e4 e6 2. c4 d5 3. exd5 exd5 4. d4 Nf6 5. Nc3 Bd6 6. c5 Be7 7. Nf3 O-O 8. Be2 b6 9. cxb6 axb6 10. O-O c5 11. Bf4 Ba6 12. Re1 Bxe2 13. Qxe2 Bd6 14. Bg5 cxd4 15. Nxd4 h6 16. Bh4 g5 17. Bg3 Re8 18. Qf3 Bf8 19. Rxe8 Nxe8 20. Nxd5 Bg7 21. Nf5 Ra5 22. Nde7+ Kh8 23. Bxb8 Qxb8 24. Nc6 1-0


[Site "https://www.chess.com"]

[Event "Titled Tuesday Blitz February 22 Early 2022"]
[White "Dounis, Alexandros"]
[Black "Politov, Pavel Y."]
[WhiteFideId "4213238"]
[BlackFideId "24110515"]
[WhiteElo "2195"]
[BlackElo "2090"]
[Result "1/2-1/2"]
[Round "04"]
[TimeControl "180+1"]
[Date "2022.02.22"]
[WhiteClock "0:00:09"]
[BlackClock "0:00:03"]

1. e4 c5 2. b4 cxb4 3. a3 bxa3 4. Nxa3 e6 5. Nf3 Nc6 6. Nb5 a6 7. Bb2 d6 8. e5 d5 9. Bd3 Rb8 10. Nbd4 Nxd4 11. Nxd4 Bc5 12. Qg4 g6 13. h4 h5 14. Qg3 Ne7 15. Nf3 b5 16. Ng5 Qb6 17. O-O a5 18. Qf4 O-O 19. Nf3 Kh7 20. Ng5+ Kg7 21. Qf6+ Kg8 22. Nh3 b4 23. Nf4 Ba6 24. Nxh5 gxh5 25. Qg5+ Ng6 26. Bxg6 fxg6 27. Qxg6+ Kh8 28. Qxh5+ Kg8 29. Qg6+ Kh8 30. d3 Bxf2+ 31. Kh1 Qc7 32. Bc1 Qh7 33. Qxe6 Qxh4+ 34. Qh3 Qxh3+ 35. gxh3 Bd4 36. Rxf8+ Rxf8 37. Rxa5 Bb7 38. Bg5 Bc6 39. Ra6 Bb7 40. Bf6+ Kh7 41. Rd6 Kg8 42. Rd7 Bc8 43. Rg7+ Kh8 44. Rg4+ Kh7 45. Rxd4 Kh6 46. Rxd5 Bb7 47. Kh2 Bxd5 48. Bh4 b3 49. cxb3 Bxb3 50. Bf6 Bd5 51. d4 Kg6 52. Kg3 Kf5 53. Kf2 Rg8 54. Ke3 Rg3+ 55. Kd2 Rxh3 56. Kc2 Ke4 57. Kd2 Rh8 58. Kc3 Rb8 59. Bg7 Rb3+ 60. Kc2 Be6 61. Bf6 Rb5 62. Kc3 Kd5 63. Bg7 Bf5 64. Bf8 Rb8 65. Bc5 Be6 66. Kd2 Ke4 67. Kc3 Bd5 68. Bb4 Rc8+ 69. Bc5 Rb8 70. Bb4 Rb7 71. Bc5 Ke3 72. Kc2 Rb3 73. Ba7 Bc4 74. Bc5 Bd5 75. Bd6 Ke4 76. Bc5 Rb5 77. Kc3 Rb3+ 78. Kc2 Rf3 79. Kd2 Bb3 80. Ke2 Rh3 81. Kd2 Bd5 82. Ke2 Rh2+ 83. Kd1 Kd3 84. Kc1 Rh1+ 85. Kb2 Kc4 86. Kc2 Rh2+ 87. Kd1 Kd3 88. Kc1 Kc3 89. Kd1 Bf3+ 90. Ke1 Bd5 91. Kf1 Kd3 92. Kg1 Rh3 93. Kf2 Ke4 94. Ke2 Rh2+ 95. Kd1 Kd3 1/2-1/2


[Site "https://www.chess.com"]

[Event "Titled Tuesday Blitz February 22 Early 2022"]
[White "Dovbnia, Nikita"]
[Black "Tregubov, Pavel V."]
[WhiteFideId "54104599"]
[BlackFideId "4115341"]
[WhiteElo "2111"]
[BlackElo "2341"]
[Result "0-1"]
[Round "04"]
[TimeControl "180+1"]
[Date "2022.02.22"]
[WhiteClock "0:01:37"]
[BlackClock "0:01:28"]

1. Nf3 c5 2. g3 Nc6 3. Bg2 e5 4. O-O d5 5. d3 Nf6 6. c4 d4 7. Bg5 Be7 8. Nbd2 O-O 9. Bxf6 Bxf6 10. Ne4 Be7 11. a3 f5 12. Ned2 Bd6 13. Rb1 a5 14. e3 Qf6 15. exd4 exd4 16. Qc2 Bd7 17. Rfe1 Rae8 18. Nf1 f4 19. N1d2 Bf5 20. Nh4 fxg3 21. fxg3 Bxd3 22. Bd5+ Kh8 23. Rxe8 Bxc2 24. Rf1 Qxf1+ 25. Nxf1 Rxe8 0-1


[Site "https://www.chess.com"]

[Event "Titled Tuesday Blitz February 22 Early 2022"]
[White "Dreev, Aleksey"]
[Black "Kozak, Antoni"]
[WhiteFideId "4100107"]
[BlackFideId "21832030"]
[WhiteElo "2636"]
[BlackElo "2232"]
[Result "1-0"]
[Round "04"]
[TimeControl "180+1"]
[Date "2022.02.22"]
[WhiteClock "0:00:10"]
[BlackClock "0:00:10"]

1. d4 d5 2. Nf3 Nf6 3. c4 e6 4. Bg5 dxc4 5. e4 b5 6. e5 h6 7. Bh4 g5 8. Bg3 Nd5 9. Be2 Bb7 10. a4 a6 11. O-O h5 12. h4 gxh4 13. Bxh4 Be7 14. Bxe7 Qxe7 15. axb5 axb5 16. Rxa8 Bxa8 17. Nc3 Nf4 18. Qd2 Nxg2 19. Kxg2 Rg8+ 20. Kh3 Rg4 21. d5 b4 22. Nd1 Bxd5 23. Ne3 Bxf3 24. Nxg4 hxg4+ 25. Kg3 Qc5 26. Bxf3 gxf3 27. Qe3 Qxe3 28. fxe3 Nc6 29. Kf4 c3 30. bxc3 bxc3 31. Kxf3 c2 32. Rc1 Nxe5+ 33. Ke4 Nc4 34. Rxc2 Nd6+ 35. Ke5 Kd7 36. Kf6 Kd8 37. Rc1 Kd7 38. Rd1 Ke8 39. Rd4 Kd7 40. e4 Ke8 41. e5 Nf5 42. Ra4 Nh6 43. Rh4 Ng8+ 44. Kg7 Ne7 45. Rh8+ Kd7 46. Kxf7 Nc6 47. Kf6 Nb4 48. Rh7+ Kc6 49. Kxe6 Nd5 50. Rf7 Nc3 51. Kf5 Nd5 52. e6 Kd6 53. Rd7+ Kc6 54. Rxd5 Kxd5 55. e7 c5 56. e8=Q Kc4 57. Qe1 Kb3 58. Qc1 c4 59. Ke4 c3 60. Kd3 c2 61. Qxc2+ Ka3 62. Qb1 Ka4 63. Kc4 Ka5 64. Qb5# 1-0


[Site "https://www.chess.com"]

[Event "Titled Tuesday Blitz February 22 Early 2022"]
[White "Dzhaparov, Medet"]
[Black "Zaksaite, Salomeja"]
[WhiteFideId "13803689"]
[BlackFideId "12801496"]
[WhiteElo "1702"]
[BlackElo "2002"]
[Result "0-1"]
[Round "04"]
[TimeControl "180+1"]
[Date "2022.02.22"]
[WhiteClock "0:01:36"]
[BlackClock "0:02:03"]

1. e4 c5 2. Nf3 e6 3. d4 cxd4 4. Nxd4 Nf6 5. Nc3 Nc6 6. Be3 Bb4 7. Bd3 d5 8. exd5 Nxd5 9. Nxc6 bxc6 10. Bd2 O-O 11. O-O Nxc3 12. bxc3 Be7 13. Be3 Bf6 14. Bd2 Qc7 15. Qh5 g6 16. Qh3 Bg7 17. Bh6 e5 18. Bxg7 Bxh3 0-1


[Site "https://www.chess.com"]

[Event "Titled Tuesday Blitz February 22 Early 2022"]
[White "Dziththauly, Ramadhan"]
[Black "Sadhwani, Raunak"]
[WhiteFideId "7105525"]
[BlackFideId "35093487"]
[WhiteElo "2588"]
[BlackElo "2616"]
[Result "0-1"]
[Round "04"]
[TimeControl "180+1"]
[Date "2022.02.22"]
[WhiteClock "0:02:34"]
[BlackClock "0:02:29"]

1. d4 Nf6 2. c4 g6 3. Nc3 Bg7 4. e4 d6 5. f3 O-O 6. Bg5 c5 7. d5 e6 8. Qd2 exd5 9. cxd5 a6 10. a4 Nbd7 11. Nh3 Qb6 12. Nf2 h5 13. Be2 Nh7 14. O-O Nxg5 15. Qxg5 Qxb2 16. Na2 Qxe2 0-1


[Site "https://www.chess.com"]

[Event "Titled Tuesday Blitz February 22 Early 2022"]
[White "FGHSMN"]
[Black "Rodchenkov, Sergey D."]
[BlackFideId "4168712"]
[WhiteElo "2802"]
[BlackElo "2548"]
[Result "1-0"]
[Round "04"]
[TimeControl "180+1"]
[Date "2022.02.22"]
[WhiteClock "0:00:17"]
[BlackClock "0:00:09"]

1. d4 Nf6 2. Nf3 e6 3. Bf4 d5 4. c3 Bd6 5. e3 O-O 6. Nbd2 c5 7. Bg3 Qc7 8. Ne5 Nc6 9. Nxc6 Qxc6 10. Bd3 Qc7 11. Bxd6 Qxd6 12. f4 cxd4 13. cxd4 Qb6 14. Qb3 Bd7 15. Qxb6 axb6 16. Ke2 Rfc8 17. a3 Ne8 18. Rhc1 Nd6 19. g4 Bb5 20. Bxb5 Nxb5 21. Kd3 Nd6 22. h3 b5 23. b3 Rxc1 24. Rxc1 Rxa3 25. e4 Nc4 26. exd5 exd5 27. Ke2 Ra2 28. bxc4 bxc4 29. Ke3 Rb2 30. Rb1 Rxb1 31. Nxb1 b5 32. Nc3 b4 33. Nxd5 b3 34. Nc3 Kf8 35. d5 Ke7 36. Kd4 Kd6 37. Kxc4 b2 38. Kd4 g6 39. Kc4 h5 40. gxh5 gxh5 41. Kb3 b1=Q+ 42. Nxb1 Kxd5 43. Nc3+ Kd4 44. Kc2 Ke3 45. f5 Kf4 46. Kd3 Kxf5 47. Ke3 Kg5 48. Kf3 Kh4 49. Kg2 f5 50. Ne2 Kg5 51. Kf3 Kh4 52. Nf4 Kg5 53. Kg3 Kf6 54. Nxh5+ Kg5 55. Nf4 Kf6 56. h4 Ke5 57. h5 Kf6 58. Kh4 Kf7 59. Kg5 Kg8 60. Kxf5 Kh7 61. Kg5 Kg7 62. h6+ Kh7 63. Kh5 Kg8 64. Kg6 Kh8 65. Ne6 Kg8 66. Ng5 Kh8 1-0


[Site "https://www.chess.com"]